 Dungeon Crawl Stone Soup version 0.23.2-40-g277498a001 (webtiles) character file.

Game seed: 14967847989252134268

107 Descartes the Insei (level 4, 0/22 HPs)
             Began as a Vine Stalker Transmuter on Oct 13, 2019.
             Slain by a gnoll
             ... wielding a +0 flail
              (7 damage)
             ... on level 2 of the Dungeon.
             The game lasted 00:05:19 (1782 turns).

Descartes the Insei (Vine Stalker Transmuter)       Turns: 1782, Time: 00:05:19

Health: 0/22       AC:  5    Str: 13    XL:     4   Next: 85%
Magic:  0/8        EV: 11    Int: 13    God:
Gold:   108        SH:  0    Dex: 15    Spells: 5/8 levels left

rFire    . . .     SeeInvis .     - Unarmed
rCold    . . .     Gourm    .   (no shield)
rNeg     . . .     Faith    .   e - +0 ring mail
rPois    .         Spirit   +   (no helmet)
rElec    .         Reflect  .   (no cloak)
rCorr    .         Harm     .   (no gloves)
MR       .....                  (no boots)
Stlth    +.........             q - amulet of rage
HPRegen  0.47/turn              (no ring)
MPRegen  0.11/turn              (no ring)

@: berserk cooldown, slowed, very slow
A: fangs 2, regeneration 1, magic shield, antimagic bite, no potion heal 3, rot
immunity
a: Evoke Berserk Rage


You were on level 2 of the Dungeon.
You were hungry.

You visited 1 branch of the dungeon, and saw 2 of its levels.

You collected 108 gold pieces.

Inventory:

Missiles
 a - 50 arrows
 g - 95 stones (quivered)
 m - 2 tomahawks
 n - 12 bolts
 t - a throwing net
Armour
 b - a +0 robe
 e - a +0 ring mail (worn)
 i - a +0 leather armour
Jewellery
 q - an amulet of rage (around neck)
Scrolls
 c - 2 scrolls of random uselessness {unknown}
 f - 2 scrolls of remove curse {unknown}
 h - a scroll of teleportation {unknown}
 l - 2 scrolls of fog {unknown}
 o - a scroll of identify {unknown}
 u - a scroll of magic mapping {unknown}
Potions
 j - a potion of might {unknown}
 k - 4 potions of heal wounds {unknown}
 r - a potion of lignification {unknown}
 s - 2 potions of curing {unknown}
Comestibles
 d - 4 rations
 p - 4 chunks of flesh


   Skills:
 + Level 1.4 Fighting
 + Level 1.1 Armour
 + Level 2.1 Dodging
 + Level 1.6 Stealth
 * Level 3.6 Unarmed Combat
 + Level 2.5 Spellcasting
 + Level 2.4 Transmutations


You had 5 spell levels left.
You knew the following spells:

 Your Spells              Type           Power        Failure   Level  Hunger
a - Beastly Appendage     Tmut           #.....       19%         1    #......
b - Sticks to Snakes      Tmut           #.......     28%         2    ###....

Your spell library contained the following spells:

 Spells                   Type           Power        Failure   Level  Hunger
 Spider Form              Tmut/Pois      #.........   67%         3    ###....
 Ice Form                 Ice/Tmut       #.......     97%         4    #####..
 Blade Hands              Tmut           #.........   99%         5    ######.


Dungeon Overview and Level Annotations

Branches:
Dungeon (2/15)

Altars:


Innate Abilities, Weirdness & Mutations

You have extremely sharp teeth.
Your natural rate of healing is unusually fast.
When hurt, damage is shared between your health and your magic reserves.
Your bite disrupts and absorbs the magic of your enemies.
Potions cannot restore your health.
You are immune to rotting.


Message History

The gnoll hits you but does no damage.
Your horns disappear.
The gnoll hits you with a +0 flail.
You see here a cursed -1 spear.
The gnoll hits you with a +0 flail!
You hit the gnoll.
The gnoll is moderately wounded.
The gnoll hits you with a +0 flail.
You hit the gnoll.
The gnoll is severely wounded.
The gnoll hits you with a +0 flail!
* * * LOW HITPOINT WARNING * * *
You hit the gnoll but do no damage. Your bite misses the gnoll.
The gnoll is severely wounded.
The gnoll hits you with a +0 flail.
* * * LOW HITPOINT WARNING * * *
You barely miss the gnoll.
The gnoll is severely wounded.
The gnoll hits you with a +0 flail!
You die...

#.....).####.##
#.............#
#.......####..#
#.............#
#......)#####.#
######..)..##.#
##.##.##>#
########.##.##.#
.........##@##.#
..#########g# .#
..#########.#
...#.........#
#......8...).#
...#..8.8..#.#
#...8._.8.#.# .
#....8.8..#.# .
...#...8...#.#


You could see a gnoll.

Vanquished Creatures
  6 gnolls (D:2)
  2 dart slugs (D:1)
  2 leopard geckos
  A ball python (D:1)
  A giant cockroach (D:2)
  4 goblins (D:1)
  4 hobgoblins
  5 jackals
  4 bats (D:1)
  6 frilled lizards
  8 kobolds (D:1)
  6 rats
49 creatures vanquished.

Notes
Turn   | Place    | Note
-------+----------+-------------------------------------------
     0 | D:1      | Descartes the Vine Stalker Transmuter began the quest for
                  | the Orb.
     0 | D:1      | Reached XP level 1. HP: 9/9 MP: 4/4
   139 | D:1      | Reached skill level 1 in Fighting
   163 | D:1      | Reached XP level 2. HP: 9/14 MP: 4/6
   506 | D:1      | Reached skill level 1 in Stealth
   506 | D:1      | Reached XP level 3. HP: 17/18 MP: 7/7
   683 | D:1      | Learned a level 2 spell: Sticks to Snakes
  1595 | D:2      | Gained mutation: Your natural rate of healing is unusually
                  | fast. [Vine Stalker growth]
  1595 | D:2      | Reached XP level 4. HP: 10/22 MP: 4/8
  1638 | D:2      | Reached skill level 1 in Armour
  1757 | D:2      | Found a faded altar of an unknown god.
  1782 | D:2      | Slain by a gnoll

Skill      XL: |  1  2  3  4 |
---------------+-------------+-----
Fighting       | 1 |  1.4
Stealth        | 1 |  1.6
Dodging        | 2 |  2.1
Armour         | 1 |  1.1
Unarmed Combat | |  3.6
Spellcasting   | |  2.5
Transmutations | |  2.4

Action                   |  1- 3 |  4- 6 || total
-------------------------+-------+-------++-------
Melee: Unarmed           |   146 |    18 ||   164
       Bite              |    25 |     3 ||    28
       Punch             |     1 |       ||     1
       Kick              |     4 |     4 ||     8
       Headbutt          |     2 |       ||     2
 Cast: Beastly Appendage |     2 |     4 ||     6
 Abil: Evoke Berserk Rag |       |     2 ||     2
 Stab: Sleeping          |     2 |       ||     2
  Eat: Chunk             |     2 |     2 ||     4
Armor: Robe              |     8 |       ||     8
       Ring mail         |    36 |     3 ||    39
Dodge: Dodged            |    88 |     5 ||    93
